AoeStats
← wolololigma

Arena

504890885Analyzed
3v3 RM · 24d ago on Sep 7, 2026· 48m 58s· 6 players
Game mode
Random Map
Map size
Normal (6 player)
Population
200
Speed
Normal
Resources
Standard
Victory
Conquest
Starting age
Dark Age
Ending age
Imperial Age
RankedLock teamsTeams togetherTeam positionsShared explorationLock speedFull tech treeHidden civsTurbo modeCheats
Victory
Defeat
🇺🇸 Byzantines · United States
1129
+16
🇵🇪 Inca · Peru
1111
+17
🇺🇸 Portuguese · United States
1064
+19
🇲🇽 Jurchens · Mexico
1205
-20
🇲🇽 Dravidians · Mexico
1205
-20
🇲🇽 Goths · Mexico
1001
-18
acme.xo
10:49 Feudal Age
12:22 Loom
15:11 Castle Age
13:32 Double-Bit Axe
14:46 Horse Collar
16:34 Bow Saw
32:17 Imperial Age
29:36 Town Watch
30:39 Forging
30:30 Scale Mail Armor
31:45 Iron Casting
31:41 Bloodlines
30:52 Light Cavalry
31:49 Husbandry
32:40 Scale Barding Armor
34:28 Chemistry
34:28 Conscription
35:54 Chain Barding Armor
40:24 Two-Man Saw
40:31 Fletching
43:15 Murder Holes
44:37 Elite Organ Gun
45:20 Arquebus
El Botascha 2.0
2:56 Loom
11:23 Feudal Age
12:07 Double-Bit Axe
17:48 Castle Age
22:53 Wheelbarrow
26:29 Town Watch
30:21 Hand Cart
31:25 Horse Collar
31:55 Bow Saw
32:52 Heavy Plow
33:38 Town Patrol
34:59 Gold Mining
36:18 Forging
36:08 Scale Mail Armor
40:05 Imperial Age
38:14 Iron Casting
37:55 Chain Mail Armor
38:14 Stone Mining
39:02 Gold Shaft Mining
38:42 Treadmill Crane
38:58 Murder Holes
39:52 Stone Shaft Mining
42:08 Plate Mail Armor
42:38 Blast Furnace
42:04 Ballistics
42:45 Chemistry
41:13 Elite Kamayuk
43:02 Conscription
43:18 Hoardings
43:18 Crop Rotation
43:19 Conscription
42:56 Capped Ram
44:01 Fletching
44:11 Padded Archer Armor
44:24 Masonry
44:38 Squires
44:23 Arson
44:43 Siege Ram
45:45 Conscription
45:28 Fabric Shields
46:16 Fabric Shields
45:57 Heavy Scorpion
46:49 Andean Sling
46:19 Sappers
46:50 Bodkin Arrow
47:11 Leather Archer Armor
46:48 Heated Shot
wolololigma
7:03 Loom
11:23 Feudal Age
12:08 Horse Collar
12:15 Double-Bit Axe
19:53 Castle Age
19:12 Wheelbarrow
18:42 Gold Mining
18:44 Stone Mining
23:23 Bow Saw
23:36 Heavy Plow
29:21 Imperial Age
27:46 Forging
27:44 Scale Barding Armor
28:36 Hand Cart
30:00 Iron Casting
31:14 Two-Man Saw
32:06 Onager
33:04 Husbandry
33:30 Chain Barding Armor
34:32 Conscription
33:34 Elite Cataphract
35:02 Greek Fire
35:14 Logistica
36:23 Plate Barding Armor
38:00 Murder Holes
HIRAMPLAS6
12:28 Feudal Age
17:49 Castle Age
17:28 Wheelbarrow
16:55 Double-Bit Axe
18:02 Horse Collar
19:20 Heavy Plow
29:57 Hand Cart
29:29 Loom
29:31 Town Watch
30:17 Gold Mining
30:17 Stone Mining
31:24 Bow Saw
32:33 Stone Shaft Mining
32:36 Town Patrol
34:58 Forging
34:49 Scale Mail Armor
34:13 Pikeman
34:54 Squires
38:12 Imperial Age
35:57 Anarchy
37:28 Iron Casting
37:08 Chain Mail Armor
36:47 Fletching
39:05 Perfusion
39:58 Crop Rotation
39:40 Halberdier
42:06 Blast Furnace
41:29 Masonry
41:54 Conscription
44:14 Two-Man Saw
42:39 Elite Huskarl
echebaum
11:27 Feudal Age
14:51 Castle Age
12:51 Horse Collar
13:19 Double-Bit Axe
15:45 Loom
20:44 Stone Mining
26:00 Bow Saw
27:07 Forging
27:38 Fletching
28:37 Scale Mail Armor
29:35 Heavy Plow
34:59 Imperial Age
33:23 Wheelbarrow
32:35 Town Watch
33:04 Bodkin Arrow
34:56 Iron Casting
34:48 Chain Mail Armor
38:09 Two-Man Saw
37:11 Elite Urumi Swordsman
38:59 Blast Furnace
38:36 Plate Mail Armor
40:31 Hand Cart
40:16 Town Patrol
44:44 Bracer
44:32 Gambesons
44:47 Squires
juanpasp2001825
11:21 Feudal Age
15:20 Castle Age
13:21 Double-Bit Axe
14:27 Horse Collar
15:24 Forging
18:09 Fervor
19:07 Loom
20:03 Sanctity
19:50 Town Watch
23:03 Bow Saw
24:20 Gold Mining
25:32 Scale Barding Armor
25:39 Stone Mining
27:15 Wheelbarrow
29:10 Hand Cart
30:14 Siege Engineers
32:56 Imperial Age
31:08 Heavy Plow
31:49 Bloodlines
31:39 Husbandry
32:51 Fortified Wall
33:03 Ballistics
34:14 Chain Barding Armor
33:28 Light Cavalry
35:14 Conscription
35:46 Gold Shaft Mining
39:07 Plate Barding Armor
39:53 Iron Casting
45:47 Blast Furnace
44:10 Elite Steppe Lancer
Connection lost

Rejoining the realm…

Still unreachable

The connection could not be restored.

Session expired

The server has moved on; the page needs a fresh start.